 Dungeon Crawl Stone Soup version 0.26-a0-1033-gd598b01645 (webtiles) character file.

Game seed: 16788312018597599990

2954 timneilson the Protected (level 9, -12/56 HPs)
             Began as a Gargoyle Fighter on Dec 10, 2020.
             Was a Follower of Okawaru.
             Splashed by an orc's acid (15 damage)
             ... on level 7 of the Dungeon.
             The game lasted 00:15:49 (6940 turns).

timneilson the Protected (Gargoyle Fighter)         Turns: 6940, Time: 00:15:50

Health: -12/56     AC: 15    Str: 24    XL:     9   Next: 81%
Magic:  0/10       EV:  8    Int:  8    God:    Okawaru [*.....]
Gold:   378        SH: 13    Dex: 15    Spells: 8/8 levels left

rFire    . . .     SeeInvis .   a - +1 long sword
rCold    . . .     Faith    .   c - +1 kite shield
rNeg     + . .     Spirit   +   b - +0 scale mail
rPois    ∞         Reflect  .   n - +2 helmet
rElec    +         Harm     .   o - +0 cloak
rCorr    .         Rampage  .   (no gloves)
Will     .....                  (no boots)
Stlth    ..........             f - amulet of guardian spirit
HPRegen  0.18/turn              s - +6 ring of dexterity
MPRegen  0.12/turn              (no ring)

@: mighty, corroded
A: negative energy resistance 1, electricity resistance, unbreathing,
petrification resistance, rot immunity, AC +6
a: Heroism, Renounce Religion


You were on level 7 of the Dungeon.
You worshipped Okawaru.
Okawaru was aware of your devotion.
You visited 2 branches of the dungeon, and saw 8 of its levels.

You collected 378 gold pieces.

Inventory:

Hand Weapons
 a - a +1 long sword (weapon)
 u - a +0 scimitar
 y - a +4 scythe of flaming
Armour
 b - a +0 scale mail (worn)
 c - a +1 kite shield (worn)
 d - a +0 plate armour
 n - a +2 helmet (worn)
 o - a +0 cloak (worn)
Jewellery
 f - an amulet of guardian spirit (around neck)
 s - a +6 ring of dexterity (left hand)
Scrolls
 e - 2 scrolls of teleportation
 k - 8 scrolls of remove curse
 q - a scroll of fear
 B - a scroll of enchant weapon
Potions
 g - a potion of brilliance {unknown}
 h - 3 potions of lignification
 i - a potion of cancellation
 j - a potion of haste {unknown}
 l - 2 potions of flight
 m - a potion of ambrosia {unknown}
 p - 2 potions of attraction
 r - a potion of magic {unknown}
 t - 2 potions of invisibility
 v - 2 potions of might
 w - a potion of resistance {unknown}
 x - 3 potions of curing
 z - 3 potions of heal wounds {unknown}
 A - 2 potions of mutation {unknown}


   Skills:
 + Level 6.3 Fighting
 * Level 6.6 Long Blades
 * Level 8.3 Armour
 * Level 8.3 Shields
 + Level 2.4 Invocations


You had 8 spell levels left.
You didn't know any spells.
Your spell library contained the following spells:

 Spells                   Type           Power        Failure   Level
 Beastly Appendage        Tmut           #.....       92%         1
 Corona                   Hex            #......      92%         1
 Ensorcelled Hibernation  Hex/Ice        #.....       98%         2
 Wereblood                Tmut           #.......     98%         2
 Confusing Touch          Hex            #.......     100%        3
 Dazzling Flash           Conj/Hex       #.....       100%        3
 Spider Form              Tmut/Pois      #.........   100%        3
 Tukima's Dance           Hex            #.......     100%        3
 Ice Form                 Ice/Tmut       #.......     100%        4
 Blade Hands              Tmut           #.........   100%        5


Dungeon Overview and Level Annotations

Branches:
Dungeon (7/15)             Temple (1/1) D:6

Altars:
Cheibriados
Dithmenos
Elyvilon
Fedhas
Gozag
Hepliaklqana
Kikubaaqudgha
Makhleb
Nemelex Xobeh
Okawaru
Qazlal
Ru
Sif Muna
Trog
Uskayaw
Vehumet
Wu Jian
Xom
Zin
The Shining One

Shops:
D:4 *   D:7 (

Annotations:
D:5 3 runed translucent doors, tzalcoatl's ghost, novice HaAK


Innate Abilities, Weirdness & Mutations

You are resistant to torment.
Your stone body is resilient. (AC +6)
You are immune to poison.
You resist negative energy. (rN+)
You are resistant to electric shocks. (rElec)
You can survive without breathing.
You are immune to petrification.
You are immune to rotting.


Message History

You start resting.
Your transformation is almost over.
You start resting.
Magic restored.
You start resting.
You feel less wooden.
Your +0 cloak unmelds from your body.
Your +2 helmet unmelds from your body.
Your +0 scale mail unmelds from your body.
Items here: )) †††.
Okay, then.
An orc is nearby!
The orc shouts!
The orc zaps a wand.
The bolt of acid hits you! The acid corrodes you!
You are splashed with acid!
The orc zaps a wand.
The bolt of acid hits you.
You are splashed with acid!
* * * LOW HITPOINT WARNING * * *
The orc zaps a wand.
The bolt of acid hits you!
* * * LOW HITPOINT WARNING * * *
The acid corrodes you!
You are splashed with acid!
You die...

..............#
..............#
o.............#
..............#
.........o....#
.......#......#
#.....##......#
#...∩# #......#
####. ###@#.## #
#.#.## # #)#..#
##.###.##<#
.........#.###
###..........###
#####..#.#...####
####...).......
##..[.#.########


You could see an orc.

Vanquished Creatures
  A two-headed ogre (D:7)
  Sigmund (D:5)
  Edmund (D:6)
  A water moccasin (D:3)
  4 sky beasts
  4 ogres
  A phantom (D:4)
  3 bullfrogs
  A howler monkey (D:6)
  3 orc priests (D:5)
  A hound (D:7)
  A bullfrog skeleton (D:4)
  5 orc wizards
  3 iguanas
  5 worker ants
  A hound skeleton (D:4)
  Robin (D:3)
  17 gnolls
  7 adders
  A shadow imp (D:6)
  A white imp (D:5)
  4 oozes
  An ufetubus (D:6)
  3 adder zombies (D:6)
  A worm (D:3)
  2 dart slugs
  3 leopard geckos
  37 orcs
  2 ball pythons
  4 giant cockroaches
  5 hobgoblins
  14 jackals
  3 kobolds
  3 quokkas
  7 bats
  4 frilled lizards
  14 goblins
  A jackal skeleton (D:5)
  11 rats
182 creatures vanquished.

Notes
Turn   | Place    | Note
-------+----------+-------------------------------------------
     0 | D:1      | timneilson the Gargoyle Fighter began the quest for the
                  | Orb.
     0 | D:1      | Reached XP level 1. HP: 14/14 MP: 1/1
   237 | D:1      | Reached XP level 2. HP: 16/19 MP: 2/2
   538 | D:1      | Reached XP level 3. HP: 10/23 MP: 3/3
  1589 | D:2      | Found a hazy altar of Hepliaklqana.
  1619 | D:2      | Found a shadowy altar of Dithmenos.
  1679 | D:2      | Reached XP level 4. HP: 25/28 MP: 4/4
  2137 | D:2      | Found a radiant altar of Vehumet.
  2515 | D:3      | Noticed a water moccasin
  2538 | D:3      | Reached XP level 5. HP: 26/33 MP: 5/5
  2571 | D:3      | Killed a water moccasin
  2572 | D:3      | Reached XP level 6. HP: 35/38 MP: 6/6
  2945 | D:3      | Found an ancient bone altar of Kikubaaqudgha.
  2945 | D:3      | Found a glowing golden altar of the Shining One.
  3070 | D:3      | Noticed Robin
  3084 | D:3      | Killed Robin
  3431 | D:4      | Reached skill level 5 in Armour
  3431 | D:4      | Reached skill level 5 in Shields
  3561 | D:4      | Found Buuwkeg's Assorted Antiques.
  3615 | D:4      | Noticed a phantom
  3625 | D:4      | Killed a phantom
  3626 | D:4      | Reached XP level 7. HP: 44/44 MP: 7/7
  3970 | D:5      | Entered Level 5 of the Dungeon
  4156 | D:5      | Found a runed translucent gate.
  4156 | D:5      | Found a runed translucent gate.
  4156 | D:5      | Found a runed translucent gate.
  4411 | D:5      | Noticed tzalcoatl's ghost (novice HaAK)
  4546 | D:5      | Reached XP level 8. HP: 48/48 MP: 8/8
  4592 | D:5      | Reached skill level 5 in Fighting
  4819 | D:5      | Noticed Sigmund
  4852 | D:5      | Killed Sigmund
  4853 | D:5      | Reached skill level 5 in Long Blades
  5898 | D:6      | Noticed Edmund
  5919 | D:6      | Killed Edmund
  5920 | D:6      | Reached XP level 9. HP: 47/55 MP: 7/9
  6010 | D:6      | Found a staircase to the Ecumenical Temple.
  6019 | Temple   | Entered the Ecumenical Temple
  6186 | Temple   | Became a worshipper of Warmaster Okawaru
  6629 | D:7      | Reached skill level 1 in Invocations
  6863 | D:7      | Found Zumacost's Antique Weapon Shop.
  6868 | D:7      | Noticed a two-headed ogre
  6892 | D:7      | Killed a two-headed ogre
  6892 | D:7      | Reached * piety under Okawaru
  6940 | D:7      | Splashed by an orc's acid

Illustrated notes

Levels and vault maps discovered:
D:1:      psy_arrival_spokes, layout_basic, minmay_close_crescents
D:2:      layout_loops_ring, lemuel_coloured_pillars_altar, lemuel_doored_altar,
          nicolae_dithmenos_through_a_glass_darkly
D:3:      layout_basic, gammafunk_temple_overflow_statue, uniq_robin
D:4:      layout_basic, serial_shops, nicolae_shop_statue_plus
D:5:      layout_loops_ring, gammafunk_ghost_split, abandoned_shop,
          supply_closet_lemuel, uniq_sigmund
D:6:      layout_basic, minmay_temple_entry_drinking_statues, minivault_1,
          kennysheep_generic_room_5, uniq_edmund
D:7:      layout_rooms, nicolae_ashenzari_panopticon, serial_shops, shop
Temple:   eino_temple_scatter_basement

Skill      XL: |  1  2  3  4  5  6  7  8  9 |
---------------+----------------------------+-----
Long Blades    | 2 3 4 5 6 |  6.6
Armour         | 4 5 6 7 8 |  8.3
Shields        | 4 5 6 7 8 |  8.3
Fighting       | 4 5 6 |  6.3
Invocations    | 2 |  2.4

Action                   |  1- 3 |  4- 6 |  7- 9 || total
-------------------------+-------+-------+-------++-------
Melee: Long sword        |   150 |   200 |   446 ||   796
  Use: Scroll            |     7 |     4 |     8 ||    19
       Potion            |       |     3 |     3 ||     6
 Stab: Invisible         |       |       |     2 ||     2
Armor: Scale mail        |    72 |   121 |   190 ||   383
       Skin              |       |       |     9 ||     9
Dodge: Dodged            |    50 |    76 |    93 ||   219
Block: Kite shield       |    87 |   138 |   216 ||   441
       Rpst.: Long sword |     6 |    34 |    37 ||    77

Table legend: (Time is in decaauts)
 A = Elapsed time spent in this place.
 B = Non-inter-level travel time spent in this place.
 C = Inter-level travel time spent in this place.
 D = Time resting spent in this place.
 E = Time spent auto-exploring this place.
 F = Levels seen in this place.
 G = Mean time per level.
                   A        B        C        D        E       F      G
               +--------+--------+--------+--------+--------+-----+--------+
         Total |   7149 |   7013 |    136 |     62 |   5224 |   8 |  893.6 |
       Dungeon |   6968 |   6844 |    124 |     62 |   5063 |   7 |  995.4 |
        Temple |    180 |    168 |     12 |      0 |    161 |   1 |  180.0 |
               +--------+--------+--------+--------+--------+-----+--------+

Top non-repeatable levels by time:
     D:5: 1586 daAuts
     D:1: 1375 daAuts
     D:3: 1229 daAuts
     D:6: 946 daAuts
     D:2: 896 daAuts
     D:4: 597 daAuts
     D:7: 337 daAuts
  Temple: 180 daAuts
